MWL (24 & UNDER)
BARRY'S BAY ORIOLES @ CINCINNATI PRIDE
06/03/2023
 
TOP OF THE 1ST
Barry's Bay Orioles batting - Pitching for Cincinnati Pride : RHP Richard Edwards
Pitching: RHP Richard Edwards
Batting: RHB Enrico Ramos 0-0: Called Strike
0-1: Ball
1-1: Called Strike
1-2: Foul Ball, location: 2F
1-2: Ball
2-2: Foul Ball, location: 2F
2-2: Strikes out looking
Batting: RHB Yaichiro Sugahara 0-0: Foul Ball, location: 2F
0-1: Called Strike
0-2: Strikes out looking
Batting: LHB Joaquín González 0-0: Swinging Strike
0-1: Ball
1-1: Foul Ball, location: 2F
1-2: Ball
2-2: Ball
3-2: Strikes out swinging
Top of the 1st over - 0 run(s), 0 hit(s), 0 error(s), 0 left on base; Barry's Bay 0 - Cincinnati 0
BOTTOM OF THE 1ST
Cincinnati Pride batting - Pitching for Barry's Bay Orioles : RHP Stanford Gunther
Pitching: RHP Stanford Gunther
Batting: RHB Peter Sexton 0-0: Ball
1-0: Foul Ball, location: 2F
1-1: Fly out, F7 (Popup, 78S)
Batting: RHB Roger Clay 0-0: Called Strike
0-1: Foul Ball, location: 2F
0-2: Strikes out swinging
Batting: RHB Fernando Díaz 0-0: Swinging Strike
0-1: Foul Ball, location: 2F
0-2: Ball
1-2: Fly out, F5 (Line Drive, 5S)
Bottom of the 1st over - 0 run(s), 0 hit(s), 0 error(s), 0 left on base; Barry's Bay 0 - Cincinnati 0
TOP OF THE 2ND
Barry's Bay Orioles batting - Pitching for Cincinnati Pride : RHP Richard Edwards
Batting: RHB Paul Spencer 0-0: Called Strike
0-1: Foul Ball, location: 2F
0-2: Strikes out looking
Batting: LHB Javier Orozco 0-0: SINGLE (Line Drive, 3D)
Batting: RHB Manuel Pérez 0-0: Called Strike
0-1: Ball
1-1: Ball
2-1: Ball
3-1: Called Strike
3-2: SINGLE (Groundball, 5D) (infield hit)
Javier Orozco to second
Batting: RHB Juan Velásquez 0-0: Swinging Strike
0-1: Swinging Strike
0-2: Ball
1-2: Ball
2-2: Ball
3-2: Strikes out looking
Batting: RHB Jeff Stevenson 0-0: Ground out 4-3 (Groundball, 13)
Top of the 2nd over - 0 run(s), 2 hit(s), 0 error(s), 2 left on base; Barry's Bay 0 - Cincinnati 0
BOTTOM OF THE 2ND
Cincinnati Pride batting - Pitching for Barry's Bay Orioles : RHP Stanford Gunther
Batting: RHB Francisco Rincón 0-0: Ball
1-0: Foul Ball, location: 2F
1-1: Foul Ball, location: 2F
1-2: SINGLE (Line Drive, 4D)
Batting: RHB Roberto Chávez 0-0: Ball
1-0: Called Strike
1-1: Swinging Strike
1-2: Foul Ball, location: 2F
1-2: Strikes out looking
Batting: RHB Jonas Uttley 0-0: Ball
1-0: Foul Ball, location: 2F
1-1: Swinging Strike
1-2: Foul Ball, location: 2F
1-2: Hit by Pitch
Francisco Rincón to second
Batting: RHB Richard Case 0-0: Ball
1-0: Ball
2-0: Ground out 5-3 (Groundball, 56S)
Francisco Rincón to third
Jonas Uttley to second
Batting: RHB Leonardo Pinto 0-0: Called Strike
0-1: Swinging Strike
0-2: Ball
1-2: Strikes out looking
Bottom of the 2nd over - 0 run(s), 1 hit(s), 0 error(s), 2 left on base; Barry's Bay 0 - Cincinnati 0
TOP OF THE 3RD
Barry's Bay Orioles batting - Pitching for Cincinnati Pride : RHP Richard Edwards
Batting: LHB John Horton 0-0: SINGLE (Groundball, 34D)
Batting: RHB Enrico Ramos 0-0: Ball
1-0: Called Strike
1-1: Foul Ball, location: 2F
1-2: Ball
2-2: Ball
3-2: Foul Ball, location: 2F
3-2: Foul Ball, location: 2F
3-2: Fly out, F8 (Line Drive, 8RM)
Batting: RHB Yaichiro Sugahara 0-0: Ball
1-0: SINGLE (Line Drive, 7S)
John Horton to second
Batting: LHB Joaquín González 0-0: Called Strike
0-1: Ball
1-1: Called Strike
1-2: Foul Ball, location: 2F
1-2: Ball
2-2: Strikes out looking
Batting: RHB Paul Spencer 0-0: Ball
1-0: 3-RUN HOME RUN (Flyball, 7D), Distance : 391 ft
Batting: LHB Javier Orozco 0-0: Ball
1-0: Fly out, F8 (Flyball, 8RD)
Top of the 3rd over - 3 run(s), 3 hit(s), 0 error(s), 0 left on base; Barry's Bay 3 - Cincinnati 0
BOTTOM OF THE 3RD
Cincinnati Pride batting - Pitching for Barry's Bay Orioles : RHP Stanford Gunther
Batting: RHB Gabriel Villegas 0-0: Called Strike
0-1: Ball
1-1: SINGLE (Flyball, 78S)
Batting: RHB Peter Sexton 0-0: Called Strike
0-1: Ball
1-1: 2-RUN HOME RUN (Line Drive, 7D), Distance : 395 ft
Batting: RHB Roger Clay 0-0: Called Strike
0-1: Called Strike
0-2: Foul Ball, location: 2F
0-2: Ground out 4-3 (Groundball, 4)
Batting: RHB Fernando Díaz 0-0: Called Strike
0-1: Swinging Strike
0-2: Strikes out swinging
Batting: RHB Francisco Rincón 0-0: Ball
1-0: Foul Ball, location: 2F
1-1: Ball
2-1: Ball
3-1: Ground out 4-3 (Groundball, 4)
Bottom of the 3rd over - 2 run(s), 2 hit(s), 0 error(s), 0 left on base; Barry's Bay 3 - Cincinnati 2
TOP OF THE 4TH
Barry's Bay Orioles batting - Pitching for Cincinnati Pride : RHP Richard Edwards
Batting: RHB Manuel Pérez 0-0: Called Strike
0-1: Ball
1-1: Called Strike
1-2: Strikes out looking
Batting: RHB Juan Velásquez 0-0: Ground out 5-3 (Groundball, 56S)
Batting: RHB Jeff Stevenson 0-0: Swinging Strike
0-1: Called Strike
0-2: Strikes out swinging
Top of the 4th over - 0 run(s), 0 hit(s), 0 error(s), 0 left on base; Barry's Bay 3 - Cincinnati 2
BOTTOM OF THE 4TH
Cincinnati Pride batting - Pitching for Barry's Bay Orioles : RHP Stanford Gunther
Batting: RHB Roberto Chávez 0-0: Ball
1-0: Ground out 1-3 (Groundball, 13)
Batting: RHB Jonas Uttley 0-0: Ball
1-0: Ball
2-0: Called Strike
2-1: Ground out 1-3 (Groundball, 25)
Batting: RHB Richard Case 0-0: Called Strike
0-1: Ball
1-1: Ground out 6-3 (Groundball, 6)
Bottom of the 4th over - 0 run(s), 0 hit(s), 0 error(s), 0 left on base; Barry's Bay 3 - Cincinnati 2
TOP OF THE 5TH
Barry's Bay Orioles batting - Pitching for Cincinnati Pride : RHP Richard Edwards
Batting: LHB John Horton 0-0: Called Strike
0-1: Swinging Strike
0-2: Ball
1-2: Ball
2-2: Ball
3-2: Foul Ball, location: 2F
3-2: Strikes out swinging
Batting: RHB Enrico Ramos 0-0: Ball
1-0: Ball
2-0: Called Strike
2-1: Ball
3-1: Foul Ball, location: 2F
3-2: Foul Ball, location: 2F
3-2: Strikes out swinging
Batting: RHB Yaichiro Sugahara 0-0: Ball
1-0: Ball
2-0: Ball
3-0: Called Strike
3-1: Base on Balls
Batting: LHB Joaquín González 0-0: Ball
1-0: Fly out, F4 (Line Drive, 4)
Top of the 5th over - 0 run(s), 0 hit(s), 0 error(s), 1 left on base; Barry's Bay 3 - Cincinnati 2
BOTTOM OF THE 5TH
Cincinnati Pride batting - Pitching for Barry's Bay Orioles : RHP Stanford Gunther
Batting: RHB Leonardo Pinto 0-0: Fly out, F3 (Popup, 23F)
Batting: RHB Gabriel Villegas 0-0: Called Strike
0-1: Swinging Strike
0-2: Fly out, F3 (Popup, 3SF)
Batting: RHB Peter Sexton 0-0: Ball
1-0: Called Strike
1-1: Ground out 4-3 (Groundball, 4M)
Bottom of the 5th over - 0 run(s), 0 hit(s), 0 error(s), 0 left on base; Barry's Bay 3 - Cincinnati 2
TOP OF THE 6TH
Barry's Bay Orioles batting - Pitching for Cincinnati Pride : RHP Richard Edwards
Batting: RHB Paul Spencer 0-0: Ball
1-0: Ground out 5-3 (Groundball, 5S)
Pitching: LHP Joseph Byrne
Batting: LHB Javier Orozco 0-0: Fly out, F9 (Flyball, 9M)
Batting: RHB Manuel Pérez 0-0: Foul Ball, location: 2F
0-1: Foul Ball, location: 2F
0-2: Strikes out swinging
Top of the 6th over - 0 run(s), 0 hit(s), 0 error(s), 0 left on base; Barry's Bay 3 - Cincinnati 2
BOTTOM OF THE 6TH
Cincinnati Pride batting - Pitching for Barry's Bay Orioles : RHP Stanford Gunther
Batting: RHB Roger Clay 0-0: Ball
1-0: Swinging Strike
1-1: Swinging Strike
1-2: Ball
2-2: Strikes out looking
Batting: RHB Fernando Díaz 0-0: Ball
1-0: Ball
2-0: Ball
3-0: Swinging Strike
3-1: Swinging Strike
3-2: Foul Ball, location: 2F
3-2: Strikes out swinging
Batting: RHB Francisco Rincón 0-0: Ball
1-0: Ball
2-0: Ball
3-0: Base on Balls
Batting: RHB Roberto Chávez 0-0: 2-RUN HOME RUN (Flyball, 9D), Distance : 402 ft
Batting: RHB Jonas Uttley 0-0: Called Strike
0-1: Ball
1-1: Ground out 5-3 (Groundball, 56)
Bottom of the 6th over - 2 run(s), 1 hit(s), 0 error(s), 0 left on base; Barry's Bay 3 - Cincinnati 4
TOP OF THE 7TH
Barry's Bay Orioles batting - Pitching for Cincinnati Pride : LHP Joseph Byrne
Batting: RHB Juan Velásquez 0-0: Ground out 6-3 (Groundball, 6)
Batting: RHB Jeff Stevenson 0-0: Reached on Error, E7 (Line Drive, 7M)
Batting: LHB John Horton 0-0: Ball
1-0: Called Strike
1-1: Ball
2-1: Called Strike
2-2: Strikes out swinging
Batting: RHB Enrico Ramos 0-0: Ball
Wild Pitch!
Jeff Stevenson to third
1-0: Ball
2-0: Called Strike
2-1: SINGLE (Line Drive, 78S)
Jeff Stevenson scores
Batting: RHB Yaichiro Sugahara 0-0: Ball
1-0: Called Strike
1-1: Ball
2-1: Called Strike
2-2: Ball
3-2: Strikes out swinging
Top of the 7th over - 1 run(s), 1 hit(s), 1 error(s), 1 left on base; Barry's Bay 4 - Cincinnati 4
BOTTOM OF THE 7TH
Cincinnati Pride batting - Pitching for Barry's Bay Orioles : RHP Stanford Gunther
Pitching: RHP Luis Pérez
Batting: RHB Richard Case 0-0: Ball
1-0: Foul Ball, location: 2F
1-1: Foul Ball, location: 2F
1-2: Strikes out swinging
Batting: RHB Leonardo Pinto 0-0: Fly out, F8 (Flyball, 89D)
Batting: RHB Gabriel Villegas 0-0: Fly out, F8 (Flyball, 8LM)
Bottom of the 7th over - 0 run(s), 0 hit(s), 0 error(s), 0 left on base; Barry's Bay 4 - Cincinnati 4
TOP OF THE 8TH
Barry's Bay Orioles batting - Pitching for Cincinnati Pride : LHP Joseph Byrne
Batting: LHB Joaquín González 0-0: Ball
1-0: SINGLE (Flyball, 8RS)
Batting: RHB Paul Spencer 0-0: Called Strike
0-1: Ball
1-1: Ball
2-1: Ball
3-1: Called Strike
3-2: Fly out, F7 (Flyball, 78M)
Batting: LHB Javier Orozco 0-0: Ball
1-0: SINGLE (Groundball, 4MD)
Joaquín González to second
Pitching: RHP Manuel Jimenen
Batting: RHB Manuel Pérez 0-0: Called Strike
0-1: Swinging Strike
0-2: Strikes out looking
Pinch Hitting: LHB Poto Vasilini 0-0: Called Strike
0-1: Called Strike
0-2: SINGLE (Groundball, 56)
Joaquín González to third
Javier Orozco to second
Runner from 3rd tries for Home, SAFE, no throw or cutoff
Batting: RHB Jeff Stevenson 0-0: Ball
1-0: Called Strike
1-1: Ball
2-1: Ball
3-1: Foul Ball, location: 2F
3-2: Base on Balls
Javier Orozco to third
Poto Vasilini to second
Batting: LHB John Horton 0-0: Ball
1-0: Ground out 3-1 (Groundball, 34S)
Top of the 8th over - 1 run(s), 3 hit(s), 0 error(s), 3 left on base; Barry's Bay 5 - Cincinnati 4
BOTTOM OF THE 8TH
Cincinnati Pride batting - Pitching for Barry's Bay Orioles : RHP Luis Pérez
Pitching: RHP Manny Silva
Now in CF: Poto Vasilini
Batting: RHB Peter Sexton 0-0: Ball
1-0: Ball
2-0: Ball
3-0: Base on Balls
Batting: RHB Roger Clay 0-0: Ball
1-0: Bunted foul
1-1: Bunted foul
1-2: Foul Ball, location: 2F
1-2: Strikes out swinging
Batting: RHB Fernando Díaz 0-0: Ball
1-0: Called Strike
1-1: Foul Ball, location: 2F
1-2: Ball
2-2: Strikes out looking
Batting: RHB Francisco Rincón 0-0: Foul Ball, location: 2F
0-1: Ball
1-1: Called Strike
1-2: Fly out, F9 (Flyball, 89S)
Bottom of the 8th over - 0 run(s), 0 hit(s), 0 error(s), 1 left on base; Barry's Bay 5 - Cincinnati 4
TOP OF THE 9TH
Barry's Bay Orioles batting - Pitching for Cincinnati Pride : RHP Manuel Jimenen
Pitching: RHP Eusébio Lagarto
Batting: RHB Enrico Ramos 0-0: Ball
1-0: Ball
2-0: Called Strike
2-1: Swinging Strike
2-2: Strikes out looking
Batting: RHB Yaichiro Sugahara 0-0: Ball
1-0: Foul Ball, location: 2F
1-1: Called Strike
1-2: Foul Ball, location: 2F
1-2: Strikes out looking
Batting: LHB Joaquín González 0-0: Called Strike
0-1: Foul Ball, location: 2F
0-2: Foul Ball, location: 2F
0-2: Ball
1-2: Ball
2-2: Strikes out looking
Top of the 9th over - 0 run(s), 0 hit(s), 0 error(s), 0 left on base; Barry's Bay 5 - Cincinnati 4
BOTTOM OF THE 9TH
Cincinnati Pride batting - Pitching for Barry's Bay Orioles : RHP Manny Silva
Pitching: RHP Randy Pennell
Now at SS: Carlos Barrios
Batting: RHB Roberto Chávez 0-0: SINGLE (Line Drive, 8LS)
Batting: RHB Jonas Uttley 0-0: SINGLE (Groundball, 6D)
Roberto Chávez to second
Batting: RHB Richard Case 0-0: Ball
1-0: Foul Ball, location: 2F
1-1: Sac Bunt - play at first, batter OUT! 1-4
Roberto Chávez to third
Jonas Uttley to second
Batting: RHB Leonardo Pinto 0-0: Called Strike
0-1: Fly out, F8 (Line Drive, 8RM)
Runner from 3rd tags up, SCORES, no throw
Batting: RHB Gabriel Villegas 0-0: Ball
1-0: Foul Ball, location: 2F
1-1: Ball
2-1: Ball
3-1: Foul Ball, location: 2F
3-2: Foul Ball, location: 2F
3-2: Base on Balls
Batting: RHB Peter Sexton 0-0: Fly out, F3 (Popup, 3L)
Bottom of the 9th over - 1 run(s), 2 hit(s), 0 error(s), 2 left on base; Barry's Bay 5 - Cincinnati 5
TOP OF THE 10TH
Barry's Bay Orioles batting - Pitching for Cincinnati Pride : RHP Eusébio Lagarto
Batting: RHB Paul Spencer 0-0: Swinging Strike
0-1: Fly out, F9 (Flyball, 9M)
Batting: LHB Javier Orozco 0-0: Foul Ball, location: 2F
0-1: Ball
1-1: Ball
2-1: Ball
3-1: Called Strike
3-2: Foul Ball, location: 2F
3-2: Base on Balls
Batting: RHB Manuel Pérez 0-0: Ball
1-0: Ball
2-0: Swinging Strike
2-1: Foul Ball, location: 2F
2-2: Foul Ball, location: 2F
2-2: Ball
3-2: Base on Balls
Javier Orozco to second
Batting: LHB Poto Vasilini 0-0: Called Strike
0-1: Foul Ball, location: 2F
0-2: Ball
1-2: Ball
2-2: SINGLE (Groundball, 6M)
Javier Orozco to third
Manuel Pérez to second
Runner from 3rd tries for Home, throw and OUT!
Manuel Pérez to third
Poto Vasilini to second
Batting: RHB Jeff Stevenson 0-0: Called Strike
0-1: Ground out 6-3 (Groundball, 6)
Top of the 10th over - 0 run(s), 1 hit(s), 0 error(s), 2 left on base; Barry's Bay 5 - Cincinnati 5
BOTTOM OF THE 10TH
Cincinnati Pride batting - Pitching for Barry's Bay Orioles : RHP Randy Pennell
Pinch Hitting: RHB Carl Byrd 0-0: Ball
1-0: Called Strike
1-1: Ball
2-1: Ground out 6-3 (Groundball, 6M)
Batting: RHB Fernando Díaz 0-0: Fly out, F9 (Line Drive, 9S)
Batting: RHB Francisco Rincón 0-0: Called Strike
0-1: Ball
1-1: Swinging Strike
1-2: DOUBLE (Flyball, 89D)
Batting: RHB Roberto Chávez 0-0: Ball
1-0: Ball
2-0: Ball
3-0: Called Strike
3-1: Ground out 5-3 (Groundball, 5L)
Bottom of the 10th over - 0 run(s), 1 hit(s), 0 error(s), 1 left on base; Barry's Bay 5 - Cincinnati 5
TOP OF THE 11TH
Barry's Bay Orioles batting - Pitching for Cincinnati Pride : RHP Eusébio Lagarto
Pitching: LHP José Alaniz
Now in LF: Carl Byrd
Pinch Hitting: RHB Curt Wagner 0-0: Called Strike
0-1: DOUBLE (Line Drive, 3D)
Pinch Hitting: RHB Tim Riley 0-0: Ball
1-0: Ball
2-0: Ball
3-0: Base on Balls
Pinch Runner at 2nd Kevin Fisher:
Batting: RHB Yaichiro Sugahara 0-0: Sac Bunt - play at first, batter OUT! 1-4
Kevin Fisher to third
Tim Riley to second
Batting: LHB Joaquín González 0-0: Called Strike
0-1: Ball
1-1: Ball
2-1: Called Strike
2-2: Strikes out swinging
Batting: RHB Paul Spencer 0-0: Foul Ball, location: 2F
0-1: Foul Ball, location: 2F
0-2: Strikes out swinging
Top of the 11th over - 0 run(s), 1 hit(s), 0 error(s), 2 left on base; Barry's Bay 5 - Cincinnati 5
BOTTOM OF THE 11TH
Cincinnati Pride batting - Pitching for Barry's Bay Orioles : RHP Randy Pennell
Pitching: RHP Dan Harris
Now at 1B: Tim Riley
Now at SS: Douglas Edwards
Batting: RHB Jonas Uttley 0-0: Ball
1-0: Ball
2-0: Ball
3-0: Called Strike
3-1: Base on Balls
Batting: RHB Richard Case
Pinch Hitting: RHB António Flores 0-0: Bunted foul
0-1: Sac Bunt - play at first, batter OUT! U3
Jonas Uttley to second
Batting: RHB Leonardo Pinto 0-0: Called Strike
0-1: Swinging Strike
0-2: Foul Ball, location: 2F
0-2: Ball
1-2: Fly out, F6 (Popup, 6D)
Batting: RHB Gabriel Villegas 0-0: Fly out, F8 (Flyball, 8RM)
Bottom of the 11th over - 0 run(s), 0 hit(s), 0 error(s), 1 left on base; Barry's Bay 5 - Cincinnati 5
TOP OF THE 12TH
Barry's Bay Orioles batting - Pitching for Cincinnati Pride : LHP José Alaniz
Now in CF: Robin Hill
Batting: LHB Javier Orozco 0-0: Ball
1-0: SOLO HOME RUN (Line Drive, 9LD), Distance : 372 ft
Batting: RHB Manuel Pérez 0-0: Called Strike
0-1: Ball
1-1: Foul Ball, location: 2F
1-2: Ball
2-2: Strikes out swinging
Batting: LHB Poto Vasilini 0-0: Called Strike
0-1: Called Strike
0-2: Ball
1-2: Strikes out swinging
Batting: RHB Jeff Stevenson 0-0: Called Strike
0-1: Ball
1-1: Called Strike
1-2: Strikes out looking
Top of the 12th over - 1 run(s), 1 hit(s), 0 error(s), 0 left on base; Barry's Bay 6 - Cincinnati 5
BOTTOM OF THE 12TH
Cincinnati Pride batting - Pitching for Barry's Bay Orioles : RHP Dan Harris
Batting: RHB Peter Sexton 0-0: Foul Ball, location: 2F
0-1: Called Strike
0-2: Ball
1-2: Foul Ball, location: 2F
1-2: SINGLE (Groundball, 5D)
Batting: RHB Carl Byrd 0-0: Sac Bunt - play at first, batter OUT! 5-4
Peter Sexton to second
Batting: RHB Fernando Díaz 0-0: Called Strike
0-1: Ball
1-1: Foul Ball, location: 2F
1-2: Foul Ball, location: 2F
1-2: Ball
2-2: Fly out, F7 (Line Drive, 7D)
Batting: RHB Francisco Rincón 0-0: Called Strike
0-1: Ball
1-1: Ball
2-1: Ball
3-1: Called Strike
3-2: Foul Ball, location: 2F
3-2: Base on Balls
Batting: RHB Roberto Chávez 0-0: Fly out, F7 (Flyball, 7M)
Bottom of the 12th over - 0 run(s), 1 hit(s), 0 error(s), 2 left on base; Barry's Bay 6 - Cincinnati 5
This league is powered by Out of the Park Baseball, the baseball management simulation game for PC, Mac and Linux
Wednesday, December 2nd, 2015 - OOTP Baseball 16.8 Build 38